 Dungeon Crawl Stone Soup version 0.31-a0-538-gbc85326fa9 (webtiles) character file.

Game seed: 1364933737544326957

51 Fodor the Trooper (level 3, -1/34 HPs)
             Began as a Minotaur Fighter on Aug 13, 2023.
             Slain by Robin
             ... wielding a +0 spear
              (3 damage)
             ... on level 2 of the Dungeon.
             The game lasted 00:06:25 (979 turns).

Fodor the Trooper (Minotaur Fighter)                 Turns: 979, Time: 00:06:26

Health: -1/34      AC:  9    Str: 22    XL:     3   Next: 58%
Magic:  2/2        EV:  8    Int:  5    God:
Gold:   63         SH:  4    Dex:  9    Spells: 2/2 levels left

rFire   . . .        a - +0 long sword
rCold   . . .        c - +0 buckler
rNeg    . . .        b - +0 chain mail
rPois   .            (helmet restricted)
rElec   .            (no cloak)
rCorr   .            (no gloves)
SInv    .            (no boots)
Will    .....        (no amulet) Stlth
                     (no ring)
HPRegen 0.25/turn    (no ring)
MPRegen 0.08/turn

%: no passive effects
@: no status effects
A: horns 2, retaliatory headbutt
a: no special abilities


You were on level 2 of the Dungeon.
You visited 1 branch of the dungeon, and saw 2 of its levels.

You collected 63 gold pieces.

Inventory:

Hand Weapons
 a - a +0 long sword (weapon)
Armour
 b - a +0 chain mail (worn)
 c - a +0 buckler (worn)
Scrolls
 f - a scroll of torment {unknown}
Potions
 d - a potion of might
 e - a potion of degeneration {unknown}


   Skills:
 + Level 4.3 Fighting
 + Level 3.0 Long Blades
 + Level 4.3 Armour
 + Level 0.2 Dodging
 + Level 4.1 Shields


You had 2 spell levels left.
You didn't know any spells.
Your spell library contained the following spells:

 Spells                   Type           Power      Damage    Failure   Level
 Portal Projectile        Hex/Tloc       0%         N/A       100%        3
 Tukima's Dance           Hex            0%         N/A       100%        3
 Iskenderun's Mystic Bla  Conj/Tloc      0%         2d3       100%        4


Dungeon Overview and Level Annotations

Branches:
Dungeon (2/15)

Altars:

Annotations:
D:2 Robin


Innate Abilities, Weirdness & Mutations

You have a pair of horns on your head.
You reflexively headbutt those who attack you in melee.


Message History

The hobgoblin hits you but does no damage.
The goblin hits you with a +0 club.
You hit the hobgoblin.
The hobgoblin is heavily wounded.
The goblin no longer looks unusually strong.
You block the hobgoblin's attack. The goblin completely misses you.
You furiously retaliate!
You headbutt the goblin!
You kill the goblin!
Robin roars a battlecry!
The goblins go into a battle-frenzy!
Robin throws the goblin at you! The goblin hits you but does no damage.
The hobgoblin hits you but does no damage.
You hit the hobgoblin.
You kill the hobgoblin!
The goblin completely misses you. You furiously retaliate!
You headbutt the goblin!
You kill the goblin!
You completely miss the goblin.
The hobgoblin no longer looks unusually strong.
The goblin hits you but does no damage. Robin throws the goblin at you!
You hit the hobgoblin but do no damage. Robin hits you but does no damage.
You block the goblin's attack. The hobgoblin closely misses you.
You furiously retaliate!
You headbutt the hobgoblin!
You kill the hobgoblin!
Your Long Blades skill increases to level 3!
The goblin hits you but does no damage. The hobgoblin barely misses you.
Robin roars a battlecry!
The goblins go into a battle-frenzy!
Things that are here:
a hobgoblin corpse; a hobgoblin corpse; a hobgoblin corpse You hit the hobgoblin.
You kill the hobgoblin!
The goblin hits you with a +0 dagger.
* * * LOW HITPOINT WARNING * * *
Robin hits you with a +0 spear.
* * * LOW HITPOINT WARNING * * *
The goblin hits you with a +0 dagger.
* * * LOW HITPOINT WARNING * * *
Robin hits you with a +0 spear.
You die...

.$$....## ........#
........# ........#
....g..g## #
...g.>g.g### .#
..g....#g.g##.#####
#.....####g........
###### #.@gg..#####
##g###### ####..#
###....## #...####
#.### ##.# ####..#
###....##


You could see Robin, a hobgoblin (strong) and 3 goblins.

Vanquished Creatures
  An adder (D:2)
  A dart slug (D:1)
  A bat (D:2)
  4 endoplasms (D:1)
  2 giant cockroaches (D:1)
  4 goblins
  8 hobgoblins
  4 jackals (D:1)
  4 kobolds
  A quokka (D:1)
  2 ball pythons (D:1)
  A rat (D:1)
33 creatures vanquished.

Notes
Turn   | Place    | Note
-------+----------+-------------------------------------------
     0 | D:1      | Fodor the Minotaur Fighter began the quest for the Orb.
     0 | D:1      | Reached XP level 1. HP: 19/19 MP: 0/0
     9 | D:1      | Noticed a bullfrog
   298 | D:1      | Reached XP level 2. HP: 27/27 MP: 1/1
   506 | D:1      | Found Othotyil's Book Boutique.
   652 | D:1      | Reached XP level 3. HP: 33/33 MP: 2/2
   957 | D:2      | Identified the +0 helmet of Subjectivity {-Cast rCorr Dex+3
                  | SInv}
   957 | D:2      | Noticed Robin
   979 | D:2      | Slain by Robin

Illustrated notes

Levels and vault maps discovered:
D:1:      evilmike_arrival_come_back, layout_loops_ring, serial_shops, shop
D:2:      layout_rooms, minmay_tromino_v4_c, uniq_crazy_yiuf_cottage, uniq_robin

Skill      XL: |  1  2  3 |
---------------+----------+-----
Armour         | 4 |  4.3
Shields        | 4 |  4.1
Fighting       | 4 |  4.3
Long Blades    | 3 |  3.0
Dodging        | |  0.2

Action                     || total
---------------------------++-------
  Melee: Long sword        ||    72
         Headbutt          ||    11
 Armour: Scale mail        ||     2
         Chain mail        ||    40
  Dodge: Dodged            ||    38
  Block: Buckler           ||    19

Table legend: (Time is in decaauts)
 A = Elapsed time spent in this place.
 B = Non-inter-level travel time spent in this place.
 C = Inter-level travel time spent in this place.
 D = Time resting spent in this place.
 E = Time spent auto-exploring this place.
 F = Levels seen in this place.
 G = Mean time per level.
                   A        B        C        D        E       F      G
               +--------+--------+--------+--------+--------+-----+--------+
         Total |   1000 |   1000 |      0 |     40 |      0 |   2 |  500.0 |
       Dungeon |   1000 |   1000 |      0 |     40 |      0 |   2 |  500.0 |
               +--------+--------+--------+--------+--------+-----+--------+

Top non-repeatable levels by time:
     D:1: 862 daAuts
     D:2: 138 daAuts
